Map: Blueshift LE

Players

Spragoon

  • Race: Protoss Protoss
  • League: Platinum
  • Spawn Location: 7:00

Atikuss - Winner!

  • Race: Zerg Zerg
  • League: Platinum
  • Spawn Location: 1:00

VOD

Have the link to the VOD?

Description

Time

  • Played on: Dec. 19, 2018, 3:38 p.m.
  • Length: 15:24
Show
View Real Time Build Order
Export as new Build Order

Spragoon Protoss 

Build Orders: 1 Gate Expand, Blink Stalkers 

Get SALT Encoding   

  12  0:00  Terran Ship Armor Level 3 x3, Protoss Ground Weapons Level 2 x3, Zerg Flyer Weapons Level 1 x2, Probe x12, Zerg Flyer Armor Level 3 x3, Zerg Missile Weapons Level 2 x3, Terran Infantry Weapons Level 2 x3, Zerg Missile Weapons Level 1 x2, Corvid Reactor x2, Adrenal Glands x2, Neosteel Armor x2, Zerg Flyer Armor Level 1 x2, 250mm Strike Cannons x2, Metabolic Boost x2, Protoss Air Weapons Level 2 x3, Protoss Air Armor Level 3 x3, Behemoth Reactor x2, Terran Infantry Armor Level 3 x3, Muscular Augments x6, Terran Ship Weapons Level 3 x3, Resonating Glaives x2, Infernal Pre-Igniter x2, Zerg Flyer Weapons Level 2 x3, Zerg Ground Armor Level 2 x3, Ventral Sacs x2, Protoss Shields Level 3 x3, Combat Shield x2, Psionic Storm x2, Terran Vehicle Weapons Level 1 x2, Anion Pulse-Crystals x2, Cloaking Field x2, Overlord, Terran Infantry Armor Level 2 x3, Pathogen Glands x2, Chitinous Plating x2, Glial Reconstitution x2, Protoss Ground Armor Level 2 x3, Gravitic Drive x2, Blink x2, Zerg Missile Weapons Level 3 x3, Zerg Flyer Weapons Level 3 x3, Terran Vehicle Armor Level 3 x3, Zerg Melee Weapons Level 2 x3, Terran Vehicle And Ship Armor Level 2 x3, Burrow x2, Zerg Ground Armor Level 3 x3, Terran Vehicle And Ship Armor Level 3 x3, Protoss Shields Level 1 x2, Terran Ship Armor Level 1 x2, Drilling Claws x2, Protoss Ground Armor Level 3 x3, Protoss Air Weapons Level 1 x2, Charge x2, Concussive Shells x2, Terran Vehicle Weapons Level 2 x3, Protoss Ground Weapons Level 1 x2, Terran Vehicle Armor Level 1 x2, Zerg Flyer Armor Level 2 x3, Terran Vehicle And Ship Armor Level 1 x2, Protoss Air Weapons Level 3 x3, Terran Ship Weapons Level 1 x2, Neural Parasite x2, Protoss Air Armor Level 2 x3, Terran Vehicle and Ship Weapons Level 3 x3, Drone x12, Protoss Ground Armor Level 1 x2, Weapon Refit x2, Terran Vehicle and Ship Weapons Level 1 x2, Graviton Catapult x2, Terran Vehicle Armor Level 2 x3, Protoss Ground Weapons Level 3 x3, Pneumatized Carapace x2, Hi-Sec Auto Tracking x2, Protoss Shields Level 2 x3, Extended Thermal Lance x2, Zerg Ground Armor Level 1 x2, Personal Cloaking x2, Moebius Reactor x2, Terran Infantry Weapons Level 3 x3, Zerg Melee Weapons Level 3 x3, Zerg Melee Weapons Level 1 x2, Stimpack x2, Terran Ship Weapons Level 2 x3, Warp Gate x2, Gravitic Boosters x2, Caduceus Reactor x2, Terran Vehicle and Ship Weapons Level 2 x3, Terran Ship Armor Level 2 x3, Terran Vehicle Weapons Level 3 x3, Protoss Air Armor Level 1 x2, Terran Infantry Armor Level 1 x2, Terran Infantry Weapons Level 1 x2, Tunneling Claws x2, Centrifical Hooks x2, Neosteel Frame x2  
  12  0:03  Unknown x4  
  12  0:06  Unknown x4  
  12  0:07  Probe  
  12  0:08  Blink, Stimpack  
  13  0:15  Protoss Shields Level 1, Warp Gate, Protoss Air Weapons Level 1, Terran Vehicle And Ship Armor Level 1, Protoss Ground Weapons Level 1, Terran Ship Armor Level 1, Protoss Ground Armor Level 1, Zerg Missile Weapons Level 1, Protoss Air Armor Level 1, Terran Infantry Armor Level 1, Zerg Flyer Weapons Level 1, Terran Vehicle Weapons Level 1, Terran Infantry Weapons Level 1, Terran Vehicle and Ship Weapons Level 1, Zerg Ground Armor Level 1, Terran Vehicle Armor Level 1, Zerg Flyer Armor Level 1, Zerg Melee Weapons Level 1, Terran Ship Weapons Level 1  
  13  0:20  Probe  
  14  0:27  Pylon  
  14  0:29  Neosteel Armor, Extended Thermal Lance, Charge, Resonating Glaives  
  14  0:32  Probe  
  15  0:36  Adrenal Glands, Ventral Sacs  
  15  0:43  Personal Cloaking  
  15  0:44  Probe  
  15  0:46  Gateway  
  16  0:50  Neural Parasite, Chitinous Plating, Combat Shield, Psionic Storm, Drilling Claws, Metabolic Boost, Glial Reconstitution, Cloaking Field, Tunneling Claws, Neosteel Frame, Corvid Reactor, Infernal Pre-Igniter, Centrifical Hooks, 250mm Strike Cannons  
  16  0:52  Probe  
  16  0:56  Assimilator  
  17  0:58  Muscular Augments x3, Burrow  
  17  1:00  Probe  
  18  1:05  Anion Pulse-Crystals  
  18  1:11  Probe  
  18  1:12  Moebius Reactor, Gravitic Boosters, Behemoth Reactor, Gravitic Drive, Caduceus Reactor, Hi-Sec Auto Tracking, Pathogen Glands, Graviton Catapult  
  19  1:23  Probe  
  20  1:26  Concussive Shells, Pneumatized Carapace, Weapon Refit  
  20  1:35  Probe  
  21  1:42  Nexus  
  21  1:48  Cybernetics Core  
  23  1:57  Probe x12  
  23  2:01  Pylon  
  22  2:09  Unknown x4  
  22  2:10  Probe  
  14  2:22  Probe  
  14  2:32  Pylon  
  14  2:35  Probe  
  15  2:49  Probe  
  15  2:51  Gateway  
  16  2:57  Probe  
  16  3:02  Assimilator  
  17  3:06  Probe  
  18  3:18  Protoss Ground Weapons Level 3, Terran Infantry Weapons Level 3, Terran Ship Armor Level 3, Terran Infantry Armor Level 3, Zerg Ground Armor Level 3, Protoss Ground Armor Level 3, Zerg Flyer Armor Level 3, Protoss Shields Level 3, Zerg Flyer Weapons Level 3, Terran Vehicle Armor Level 3, Terran Vehicle Weapons Level 3, Terran Ship Weapons Level 3, Zerg Melee Weapons Level 3, Zerg Missile Weapons Level 3, Terran Vehicle and Ship Weapons Level 3, Terran Vehicle And Ship Armor Level 3, Protoss Air Weapons Level 3, Protoss Air Armor Level 3  
  18  3:20  Probe  
  19  3:32  Probe  
  20  3:37  Zealot  
  20  3:39  Protoss Ground Armor Level 2, Zerg Melee Weapons Level 2, Protoss Air Armor Level 2, Terran Ship Weapons Level 2, Terran Vehicle And Ship Armor Level 2, Protoss Ground Weapons Level 2, Protoss Shields Level 2, Terran Ship Armor Level 2, Zerg Missile Weapons Level 2, Terran Vehicle Weapons Level 2, Terran Infantry Weapons Level 2, Zerg Flyer Weapons Level 2, Terran Infantry Armor Level 2, Terran Vehicle and Ship Weapons Level 2, Zerg Flyer Armor Level 2, Terran Vehicle Armor Level 2, Protoss Air Weapons Level 2, Zerg Ground Armor Level 2  
  20  3:40  Cybernetics Core  
  20  3:41  Gateway  
  22  3:54  Blink, Stimpack  
  22  3:56  Probe  
  22  4:01  Protoss Shields Level 1, Warp Gate, Protoss Air Weapons Level 1, Terran Vehicle And Ship Armor Level 1, Protoss Ground Weapons Level 1, Terran Ship Armor Level 1, Protoss Ground Armor Level 1, Zerg Missile Weapons Level 1, Protoss Air Armor Level 1, Terran Infantry Armor Level 1, Zerg Flyer Weapons Level 1, Terran Vehicle Weapons Level 1, Terran Infantry Weapons Level 1, Terran Vehicle and Ship Weapons Level 1, Zerg Ground Armor Level 1, Terran Vehicle Armor Level 1, Zerg Flyer Armor Level 1, Zerg Melee Weapons Level 1, Terran Ship Weapons Level 1  
  23  4:15  Neosteel Armor, Extended Thermal Lance, Charge, Resonating Glaives  
  22  4:20  Pylon  
  22  4:22  Adrenal Glands, Ventral Sacs  
  22  4:23  Nexus  
  22  4:29  Pylon, Personal Cloaking  
  22  4:36  Neural Parasite, Chitinous Plating, Combat Shield, Psionic Storm, Drilling Claws, Metabolic Boost, Glial Reconstitution, Cloaking Field, Tunneling Claws, Neosteel Frame, Corvid Reactor, Infernal Pre-Igniter, Centrifical Hooks, 250mm Strike Cannons  
  22  4:38  Adept x2  
  22  4:44  Muscular Augments x3, Burrow  
  26  4:50  Twilight Council  
  26  4:51  Anion Pulse-Crystals  
  26  4:58  Moebius Reactor, Gravitic Boosters, Behemoth Reactor, Gravitic Drive, Caduceus Reactor, Hi-Sec Auto Tracking, Pathogen Glands, Graviton Catapult  
  26  5:00  Gateway  
  26  5:12  Concussive Shells, Pneumatized Carapace, Weapon Refit  
  26  5:13  Probe, Assimilator  
  27  5:20  Adept  
  29  5:22  Adept  
  29  5:25  Probe  
  32  5:37  Probe x2  
  34  5:42  Probe x12  
  36  5:54  Unknown  
  36  5:55  Unknown x3  
  36  5:56  Probe  
  13  6:08  Probe  
  14  6:20  Pylon  
  14  6:22  Probe  
  15  6:38  Probe  
  15  6:39  Gateway  
  16  6:49  Probe  
  16  6:52  Assimilator  
  17  6:57  Probe  
  17  7:05  Probe  
  19  7:17  Probe  
  19  7:20  Zealot  
  20  7:24  Gateway  
  20  7:27  Cybernetics Core  
  22  7:39  Pylon  
  22  7:54  Nexus  
  22  8:04  Probe  
  23  8:10  Assimilator  
  23  8:16  Probe  
  24  8:22  Adept  
  26  8:28  Adept  
  28  8:34  Pylon  
  28  8:36  Probe  
  29  8:48  Probe  
  30  8:52  Adept  
  32  8:55  Adept  
  32  9:00  Probe  
  35  9:07  Twilight Council  
  35  9:12  Protoss Ground Weapons Level 3, Terran Infantry Weapons Level 3, Terran Ship Armor Level 3, Terran Infantry Armor Level 3, Zerg Ground Armor Level 3, Protoss Ground Armor Level 3, Zerg Flyer Armor Level 3, Protoss Shields Level 3, Zerg Flyer Weapons Level 3, Terran Vehicle Armor Level 3, Terran Vehicle Weapons Level 3, Terran Ship Weapons Level 3, Zerg Melee Weapons Level 3, Zerg Missile Weapons Level 3, Terran Vehicle and Ship Weapons Level 3, Terran Vehicle And Ship Armor Level 3, Protoss Air Weapons Level 3, Protoss Air Armor Level 3  
  35  9:16  Probe  
  35  9:17  Probe  
  37  9:28  Probe  
  37  9:29  Probe  
  39  9:33  Protoss Ground Armor Level 2, Zerg Melee Weapons Level 2, Protoss Air Armor Level 2, Terran Ship Weapons Level 2, Terran Vehicle And Ship Armor Level 2, Protoss Ground Weapons Level 2, Protoss Shields Level 2, Terran Ship Armor Level 2, Zerg Missile Weapons Level 2, Terran Vehicle Weapons Level 2, Terran Infantry Weapons Level 2, Zerg Flyer Weapons Level 2, Terran Infantry Armor Level 2, Terran Vehicle and Ship Weapons Level 2, Zerg Flyer Armor Level 2, Terran Vehicle Armor Level 2, Protoss Air Weapons Level 2, Zerg Ground Armor Level 2  
  39  9:48  Blink, Stimpack  
  39  9:55  Protoss Shields Level 1, Warp Gate, Protoss Air Weapons Level 1, Terran Vehicle And Ship Armor Level 1, Protoss Ground Weapons Level 1, Terran Ship Armor Level 1, Protoss Ground Armor Level 1, Zerg Missile Weapons Level 1, Protoss Air Armor Level 1, Terran Infantry Armor Level 1, Zerg Flyer Weapons Level 1, Terran Vehicle Weapons Level 1, Terran Infantry Weapons Level 1, Terran Vehicle and Ship Weapons Level 1, Zerg Ground Armor Level 1, Terran Vehicle Armor Level 1, Zerg Flyer Armor Level 1, Zerg Melee Weapons Level 1, Terran Ship Weapons Level 1  
  39  10:09  Neosteel Armor, Extended Thermal Lance, Charge, Resonating Glaives  
  39  10:16  Adrenal Glands, Ventral Sacs  
  39  10:23  Personal Cloaking  
  39  10:30  Neural Parasite, Chitinous Plating, Combat Shield, Psionic Storm, Drilling Claws, Metabolic Boost, Glial Reconstitution, Cloaking Field, Tunneling Claws, Neosteel Frame, Corvid Reactor, Infernal Pre-Igniter, Centrifical Hooks, 250mm Strike Cannons  
  39  10:38  Muscular Augments x3, Burrow  
  39  10:45  Anion Pulse-Crystals  
  39  10:52  Moebius Reactor, Gravitic Boosters, Behemoth Reactor, Gravitic Drive, Caduceus Reactor, Hi-Sec Auto Tracking, Pathogen Glands, Graviton Catapult  
  39  11:06  Concussive Shells, Pneumatized Carapace, Weapon Refit  
  39  11:37  Probe x12  
  39  11:49  Unknown x4  
  39  11:50  Probe  
  13  12:03  Probe  
  14  12:09  Pylon  
  14  12:15  Probe  
  15  12:29  Gateway  
  15  12:30  Probe  
  15  12:36  Assimilator  
  16  12:38  Probe  
  17  12:47  Probe  
  18  12:59  Probe  
  19  13:11  Probe  
  20  13:17  Zealot  
  22  13:22  Cybernetics Core  
  22  13:23  Probe, Gateway  
  23  13:40  Pylon  
  23  13:53  Forge  
  23  13:58  Zealot  
  25  14:11  Adept  
  27  14:19  Adept  
  29  14:39  Shield Battery  
  29  14:46  Probe  
  29  14:51  Assimilator  
  30  14:58  Probe  
  31  15:04  Pylon  
Show
View Real Time Build Order
Export as new Build Order

Atikuss Zerg - Winner!

Build Orders: Pool First 

Get SALT Encoding   

  12  0:00  Terran Ship Armor Level 3 x3, Protoss Ground Weapons Level 2 x3, Zerg Flyer Weapons Level 1 x2, Zerg Flyer Armor Level 3 x3, Zerg Missile Weapons Level 2 x3, Terran Infantry Weapons Level 2 x3, Zerg Missile Weapons Level 1 x2, Corvid Reactor x2, Adrenal Glands x2, Neosteel Armor x2, Zerg Flyer Armor Level 1 x2, 250mm Strike Cannons x2, Metabolic Boost x2, Protoss Air Weapons Level 2 x3, Protoss Air Armor Level 3 x3, Behemoth Reactor x2, Terran Infantry Armor Level 3 x3, Muscular Augments x6, Terran Ship Weapons Level 3 x3, Resonating Glaives x2, Infernal Pre-Igniter x2, Zerg Flyer Weapons Level 2 x3, Zerg Ground Armor Level 2 x3, Ventral Sacs x2, Protoss Shields Level 3 x3, Combat Shield x2, Psionic Storm x2, Terran Vehicle Weapons Level 1 x2, Anion Pulse-Crystals x2, Cloaking Field x2, Overlord x2, Terran Infantry Armor Level 2 x3, Pathogen Glands x2, Chitinous Plating x2, Glial Reconstitution x2, Protoss Ground Armor Level 2 x3, Gravitic Drive x2, Blink x2, Zerg Missile Weapons Level 3 x3, Zerg Flyer Weapons Level 3 x3, Terran Vehicle Armor Level 3 x3, Zerg Melee Weapons Level 2 x3, Terran Vehicle And Ship Armor Level 2 x3, Burrow x2, Zerg Ground Armor Level 3 x3, Terran Vehicle And Ship Armor Level 3 x3, Protoss Shields Level 1 x2, Terran Ship Armor Level 1 x2, Drilling Claws x2, Protoss Ground Armor Level 3 x3, Protoss Air Weapons Level 1 x2, Charge x2, Concussive Shells x2, Terran Vehicle Weapons Level 2 x3, Protoss Ground Weapons Level 1 x2, Terran Vehicle Armor Level 1 x2, Zerg Flyer Armor Level 2 x3, Terran Vehicle And Ship Armor Level 1 x2, Protoss Air Weapons Level 3 x3, Terran Ship Weapons Level 1 x2, Neural Parasite x2, Protoss Air Armor Level 2 x3, Terran Vehicle and Ship Weapons Level 3 x3, Drone x24, Protoss Ground Armor Level 1 x2, Weapon Refit x2, Terran Vehicle and Ship Weapons Level 1 x2, Graviton Catapult x2, Terran Vehicle Armor Level 2 x3, Protoss Ground Weapons Level 3 x3, Pneumatized Carapace x2, Hi-Sec Auto Tracking x2, Protoss Shields Level 2 x3, Extended Thermal Lance x2, Zerg Ground Armor Level 1 x2, Personal Cloaking x2, Moebius Reactor x2, Terran Infantry Weapons Level 3 x3, Zerg Melee Weapons Level 3 x3, Zerg Melee Weapons Level 1 x2, Stimpack x2, Terran Ship Weapons Level 2 x3, Warp Gate x2, Gravitic Boosters x2, Caduceus Reactor x2, Terran Vehicle and Ship Weapons Level 2 x3, Terran Ship Armor Level 2 x3, Terran Vehicle Weapons Level 3 x3, Protoss Air Armor Level 1 x2, Terran Infantry Armor Level 1 x2, Terran Infantry Weapons Level 1 x2, Tunneling Claws x2, Centrifical Hooks x2, Neosteel Frame x2  
  12  0:03  Unknown x4  
  12  0:06  Unknown x4  
  12  0:08  Drone, Blink, Stimpack  
  13  0:15  Protoss Shields Level 1, Warp Gate, Protoss Air Weapons Level 1, Terran Vehicle And Ship Armor Level 1, Protoss Ground Weapons Level 1, Terran Ship Armor Level 1, Protoss Ground Armor Level 1, Zerg Missile Weapons Level 1, Protoss Air Armor Level 1, Terran Infantry Armor Level 1, Zerg Flyer Weapons Level 1, Terran Vehicle Weapons Level 1, Terran Infantry Weapons Level 1, Terran Vehicle and Ship Weapons Level 1, Zerg Ground Armor Level 1, Terran Vehicle Armor Level 1, Zerg Flyer Armor Level 1, Zerg Melee Weapons Level 1, Terran Ship Weapons Level 1  
  13  0:28  Spawning Pool  
  13  0:29  Neosteel Armor, Extended Thermal Lance, Charge, Resonating Glaives  
  12  0:36  Adrenal Glands, Ventral Sacs  
  12  0:38  Drone  
  12  0:42  Overlord  
  13  0:43  Personal Cloaking  
  13  0:50  Neural Parasite, Chitinous Plating, Combat Shield, Psionic Storm, Drilling Claws, Metabolic Boost, Glial Reconstitution, Cloaking Field, Tunneling Claws, Neosteel Frame, Corvid Reactor, Infernal Pre-Igniter, Centrifical Hooks, 250mm Strike Cannons  
  13  0:58  Muscular Augments x3, Burrow  
  13  1:05  Anion Pulse-Crystals  
  13  1:12  Moebius Reactor, Gravitic Boosters, Behemoth Reactor, Gravitic Drive, Caduceus Reactor, Hi-Sec Auto Tracking, Pathogen Glands, Graviton Catapult  
  13  1:15  Zergling x6  
  16  1:26  Concussive Shells, Pneumatized Carapace, Weapon Refit  
  16  1:30  Extractor  
  16  1:31  Hatchery  
  14  1:46  Drone  
  14  1:47  Drone  
  16  1:51  Overlord  
  16  1:57  Drone x12  
  16  2:09  Unknown x4  
  16  2:10  Drone  
  13  2:31  Spawning Pool  
  12  2:39  Overlord  
  13  2:44  Drone  
  13  3:04  Drone  
  14  3:18  Protoss Ground Weapons Level 3, Terran Infantry Weapons Level 3, Terran Ship Armor Level 3, Terran Infantry Armor Level 3, Zerg Ground Armor Level 3, Protoss Ground Armor Level 3, Zerg Flyer Armor Level 3, Protoss Shields Level 3, Zerg Flyer Weapons Level 3, Terran Vehicle Armor Level 3, Terran Vehicle Weapons Level 3, Terran Ship Weapons Level 3, Zerg Melee Weapons Level 3, Zerg Missile Weapons Level 3, Terran Vehicle and Ship Weapons Level 3, Terran Vehicle And Ship Armor Level 3, Protoss Air Weapons Level 3, Zergling x6, Protoss Air Armor Level 3  
  17  3:34  Drone  
  17  3:37  Hatchery  
  17  3:39  Protoss Ground Armor Level 2, Zerg Melee Weapons Level 2, Protoss Air Armor Level 2, Terran Ship Weapons Level 2, Terran Vehicle And Ship Armor Level 2, Protoss Ground Weapons Level 2, Protoss Shields Level 2, Terran Ship Armor Level 2, Zerg Missile Weapons Level 2, Terran Vehicle Weapons Level 2, Terran Infantry Weapons Level 2, Zerg Flyer Weapons Level 2, Terran Infantry Armor Level 2, Terran Vehicle and Ship Weapons Level 2, Zerg Flyer Armor Level 2, Terran Vehicle Armor Level 2, Protoss Air Weapons Level 2, Zerg Ground Armor Level 2  
  17  3:40  Drone  
  18  3:43  Queen  
  20  3:54  Blink, Stimpack  
  21  3:55  Drone  
  21  3:58  Extractor  
  21  4:01  Protoss Shields Level 1, Warp Gate, Protoss Air Weapons Level 1, Terran Vehicle And Ship Armor Level 1, Protoss Ground Weapons Level 1, Terran Ship Armor Level 1, Protoss Ground Armor Level 1, Zerg Missile Weapons Level 1, Protoss Air Armor Level 1, Terran Infantry Armor Level 1, Zerg Flyer Weapons Level 1, Terran Vehicle Weapons Level 1, Terran Infantry Weapons Level 1, Terran Vehicle and Ship Weapons Level 1, Zerg Ground Armor Level 1, Terran Vehicle Armor Level 1, Zerg Flyer Armor Level 1, Zerg Melee Weapons Level 1, Terran Ship Weapons Level 1  
  19  4:15  Neosteel Armor, Extended Thermal Lance, Charge, Resonating Glaives  
  19  4:22  Adrenal Glands, Ventral Sacs  
  19  4:27  Zergling x4  
  19  4:29  Overlord, Personal Cloaking  
  21  4:36  Neural Parasite, Chitinous Plating, Combat Shield, Psionic Storm, Drilling Claws, Metabolic Boost, Glial Reconstitution, Cloaking Field, Tunneling Claws, Neosteel Frame, Corvid Reactor, Infernal Pre-Igniter, Centrifical Hooks, 250mm Strike Cannons  
  21  4:44  Muscular Augments x3, Burrow  
  21  4:47  Drone  
  21  4:48  Drone  
  21  4:51  Anion Pulse-Crystals  
  23  4:56  Queen  
  23  4:57  Lair  
  23  4:58  Moebius Reactor, Gravitic Boosters, Behemoth Reactor, Gravitic Drive, Caduceus Reactor, Hi-Sec Auto Tracking, Pathogen Glands, Graviton Catapult  
  25  5:03  Drone  
  25  5:06  Drone x2  
  28  5:09  Drone  
  28  5:10  Drone  
  28  5:12  Concussive Shells, Pneumatized Carapace, Weapon Refit  
  30  5:26  Drone x2  
  30  5:27  Drone x3  
  35  5:28  Overlord  
  35  5:36  Overlord  
  35  5:42  Drone x12  
  35  5:44  Roach Warren  
  35  5:55  Unknown x3  
  12  5:57  Drone  
  13  6:18  Spawning Pool  
  12  6:21  Drone  
  13  6:29  Overlord  
  13  6:36  Drone  
  14  7:02  Extractor  
  14  7:05  Zergling x6  
  16  7:08  Queen  
  18  7:18  Drone  
  19  7:30  Drone  
  20  7:43  Overlord  
  20  7:45  Hatchery  
  20  7:58  Drone  
  20  8:07  Metabolic Boost  
  20  8:10  Drone x2  
  22  8:24  Drone  
  22  8:26  Drone  
  24  8:44  Roach Warren  
  24  8:45  Drone  
  24  8:47  Extractor  
  23  8:49  Drone x2  
  25  9:00  Drone  
  26  9:04  Drone x2  
  26  9:05  Drone x2  
  30  9:12  Protoss Ground Weapons Level 3, Terran Infantry Weapons Level 3, Terran Ship Armor Level 3, Terran Infantry Armor Level 3, Zerg Ground Armor Level 3, Protoss Ground Armor Level 3, Zerg Flyer Armor Level 3, Protoss Shields Level 3, Zerg Flyer Weapons Level 3, Terran Vehicle Armor Level 3, Terran Vehicle Weapons Level 3, Terran Ship Weapons Level 3, Zerg Melee Weapons Level 3, Zerg Missile Weapons Level 3, Terran Vehicle and Ship Weapons Level 3, Terran Vehicle And Ship Armor Level 3, Protoss Air Weapons Level 3, Protoss Air Armor Level 3  
  30  9:20  Overlord  
  30  9:21  Drone x2  
  32  9:31  Queen  
  32  9:33  Protoss Ground Armor Level 2, Zerg Melee Weapons Level 2, Protoss Air Armor Level 2, Terran Ship Weapons Level 2, Terran Vehicle And Ship Armor Level 2, Protoss Ground Weapons Level 2, Protoss Shields Level 2, Terran Ship Armor Level 2, Zerg Missile Weapons Level 2, Terran Vehicle Weapons Level 2, Terran Infantry Weapons Level 2, Zerg Flyer Weapons Level 2, Terran Infantry Armor Level 2, Terran Vehicle and Ship Weapons Level 2, Zerg Flyer Armor Level 2, Terran Vehicle Armor Level 2, Protoss Air Weapons Level 2, Zerg Ground Armor Level 2  
  32  9:35  Drone x2  
  36  9:48  Blink, Stimpack  
  36  9:55  Protoss Shields Level 1, Warp Gate, Protoss Air Weapons Level 1, Terran Vehicle And Ship Armor Level 1, Protoss Ground Weapons Level 1, Terran Ship Armor Level 1, Protoss Ground Armor Level 1, Zerg Missile Weapons Level 1, Protoss Air Armor Level 1, Terran Infantry Armor Level 1, Zerg Flyer Weapons Level 1, Terran Vehicle Weapons Level 1, Terran Infantry Weapons Level 1, Terran Vehicle and Ship Weapons Level 1, Zerg Ground Armor Level 1, Terran Vehicle Armor Level 1, Zerg Flyer Armor Level 1, Zerg Melee Weapons Level 1, Terran Ship Weapons Level 1  
  36  10:09  Neosteel Armor, Extended Thermal Lance, Charge, Resonating Glaives  
  36  10:16  Adrenal Glands, Ventral Sacs  
  36  10:21  Lair  
  36  10:23  Personal Cloaking  
  36  10:30  Neural Parasite, Chitinous Plating, Combat Shield, Psionic Storm, Drilling Claws, Metabolic Boost, Glial Reconstitution, Cloaking Field, Tunneling Claws, Neosteel Frame, Corvid Reactor, Infernal Pre-Igniter, Centrifical Hooks, 250mm Strike Cannons  
  36  10:38  Muscular Augments x3, Burrow  
  36  10:45  Anion Pulse-Crystals  
  36  10:52  Moebius Reactor, Gravitic Boosters, Behemoth Reactor, Gravitic Drive, Caduceus Reactor, Hi-Sec Auto Tracking, Pathogen Glands, Graviton Catapult  
  36  10:53  Drone x3  
  36  10:54  Drone x2  
  36  10:57  Drone x3, Overlord  
  44  11:06  Concussive Shells, Pneumatized Carapace, Weapon Refit  
  43  11:31  Overlord  
  42  11:37  Drone x12  
  41  11:49  Unknown x4  
  41  11:51  Drone  
  13  12:12  Spawning Pool  
  12  12:19  Overlord  
  12  12:25  Drone  
  13  12:36  Drone  
  14  12:59  Zergling x6  
  14  13:00  Queen  
  14  13:05  Extractor  
  18  13:10  Drone  
  19  13:20  Drone  
  20  13:34  Zergling x2  
  21  13:47  Hatchery  
  20  13:51  Zergling x2  
  20  14:33  Zergling x6  
  20  14:46  Drone x2  
  20  14:48  Overlord  
  22  15:05  Drone  
  22  15:06  Drone  
Tags
 
Add a new tag
Caveats
  • Supply blocks, unpowered buildings, or Contaminate may cause inaccurate times.
  • Supply counts are checked every 10 seconds.